 Dungeon Crawl Stone Soup version 0.26.0-16-gc1dbca0489 (webtiles) character file.

Game seed: 17136935643505348748

145535 112233 the Brawler (level 17, -2/123 HPs)
             Began as an Octopode Fighter on Jan 18, 2021.
             Was an Initiate of Gozag.
             Killed from afar by a deep elf mage (29 damage)
             ... with a bolt of fire
             ... on level 2 of the Elven Halls.
             The game lasted 00:48:48 (47030 turns).

112233 the Brawler (Octopode Fighter)              Turns: 47030, Time: 00:48:48

Health: -2/123     AC:  8    Str: 30    XL:     17   Next: 42%
Magic:  23/23      EV: 24    Int: 16    God:    Gozag
Gold:   420        SH: 19    Dex: 18    Spells: 8/25 levels left

rFire    . . .     SeeInvis .     - Unarmed
rCold    + . .     Faith    .   a - +4 kite shield {AC+3}
rNeg     + . .     Spirit   .   (helmet restricted)
rPois    +         Reflect  .   c - amulet of magic regeneration
rElec    +         Harm     .   y - ring of willpower
rCorr    .         Rampage  .   w - ring of protection from cold
Will     +++..                  Z - ring of Sif Muna's Hope {rElec Will+ Dex+4}
Stlth    ++++......             d - +4 ring of protection
HPRegen  0.30/turn              n - +6 ring of strength
MPRegen  0.43/turn              R - ring of Posos {+Inv rN+ Int+4 Stlth+}
                                U - +6 ring of strength
                                S - ring of poison resistance

@: no status effects
A: almost no armour, stealthy swim, amphibious, 8 rings, constrict 8, camouflage
1, gelatinous body 1
a: Renounce Religion, Evoke Invisibility, Potion Petition, Call Merchant, Bribe
Branch


You were on level 2 of the Elven Halls.
You worshipped Gozag.
Gozag was aware of your devotion.
You visited 5 branches of the dungeon, and saw 26 of its levels.
You also visited: Ice Cave.

You collected 10627 gold pieces.
You spent 3563 gold pieces at shops.
You paid 6644 gold pieces to Gozag.

Inventory:

Missiles
 A - 60 poisoned darts (quivered)
 C - 17 curare-tipped darts
 E - 3 throwing nets {!f}
Armour
 a - a +4 kite shield of protection (worn)
Jewellery
 b - an uncursed ring of resist corrosion
 c - an amulet of magic regeneration (around mantle)
 d - a +4 ring of protection (on tentacle)
 f - a +6 ring of dexterity
 j - an uncursed ring of positive energy
 n - a +6 ring of strength (on tentacle)
 w - a ring of protection from cold (right tentacle)
 y - a ring of willpower (left tentacle)
 R - the ring of Posos (on tentacle) {+Inv rN+ Int+4 Stlth+}
   (You acquired it on level 2 of the Lair of Beasts)

   [ring of positive energy]

   It affects your intelligence (+4).
   It protects you from negative energy.
   It lets you turn invisible.
   It makes you more stealthy.
 S - a ring of poison resistance (on tentacle)
 U - a +6 ring of strength (on tentacle)
 Z - the ring of Sif Muna's Hope (on tentacle) {rElec Will+ Dex+4}
   (You bought it in a shop on level 2 of the Orcish Mines)

   [ring of willpower]

   It affects your dexterity (+4).
   It insulates you from electricity.
   It affects your willpower, your defense against some magical effects.
Wands
 l - a wand of iceblast (12)
 q - a wand of enslavement (7)
 z - a wand of acid (7)
 B - a wand of flame (62)
 D - a wand of polymorph (14)
 P - a wand of paralysis (23)
 V - a wand of digging (7)
Scrolls
 h - 4 scrolls of magic mapping
 m - 11 scrolls of amnesia
 o - 4 scrolls of blinking
 r - 12 scrolls of remove curse {@r2}
 x - 3 scrolls of immolation
 I - 9 scrolls of teleportation {@r3}
 M - 2 scrolls of fear
 N - a scroll of summoning
 O - 3 scrolls of holy word
 Q - 10 scrolls of identify {@r1}
 T - 2 scrolls of fog
 Y - a scroll of enchant armour
Potions
 e - a potion of attraction
 g - 4 potions of ambrosia
 i - 3 potions of flight
 k - a potion of might
 p - 3 potions of curing {@q1}
 t - 4 potions of brilliance
 u - a potion of magic
 v - 2 potions of mutation
 H - a potion of invisibility
 K - 3 potions of cancellation
 L - 5 potions of haste
 W - 2 potions of lignification
Miscellaneous
 F - a phantom mirror
 G - a condenser vane (inert)
 J - a tin of tremorstones (2/2)
 X - a phial of floods


   Skills:
 + Level 13.5 Fighting
 + Level 13.4 Dodging
 + Level 13.4 Shields
 + Level 17.1 Unarmed Combat
 + Level 4.6 Spellcasting
 + Level 5.1 Transmutations
 + Level 9.5 Evocations


You had 8 spell levels left.
You knew the following spells:

 Your Spells              Type           Power        Failure   Level
a - Blink                 Tloc           N/A          28%         2
b - Passwall              Tmut/Erth      10%          10%         2
c - Wereblood             Tmut           20%          3%          2
d - Blade Hands           Tmut           10%          52%         5
e - Statue Form           Tmut/Erth      8%           100%        6

Your spell library contained the following spells:

 Spells                   Type           Power        Failure   Level
 Beastly Appendage        Tmut           40%          2%          1
 Corona                   Hex            3%           19%         1
 Freeze                   Ice            12%          19%         1
 Magic Dart               Conj           12%          19%         1
 Sandblast                Erth           6%           19%         1
 Shock                    Conj/Air       12%          19%         1
 Spider Form              Tmut/Pois      6%           19%         3
 Call Imp                 Summ           3%           28%         2
 Ensorcelled Hibernation  Hex/Ice        6%           28%         2
 Poisonous Vapours        Pois/Air       6%           28%         2
 Slow                     Hex            3%           28%         2
 Swiftness                Air            3%           28%         2
 Confusing Touch          Hex            3%           50%         3
 Conjure Flame            Conj/Fire      3%           50%         3
 Dazzling Flash           Conj/Hex       6%           50%         3
 Frozen Ramparts          Ice            6%           50%         3
 Inner Flame              Hex/Fire       3%           50%         3
 Mephitic Cloud           Conj/Pois/Air  3%           50%         3
 Ozocubu's Armour         Ice            3%           50%         3
 Portal Projectile        Hex/Tloc       6%           50%         3
 Static Discharge         Conj/Air       3%           50%         3
 Stone Arrow              Conj/Erth      6%           50%         3
 Tukima's Dance           Hex            3%           50%         3
 Ice Form                 Ice/Tmut       12%          54%         4
 Petrify                  Tmut/Erth      12%          54%         4
 Yara's Violent Unravell  Hex/Tmut       6%           87%         5
 Airstrike                Air            1%           88%         4
 Cause Fear               Hex            1%           88%         4
 Hailstorm                Conj/Ice       3%           88%         4
 Leda's Liquefaction      Hex/Erth       1%           88%         4
 Passage of Golubria      Tloc           N/A          88%         4
 Summon Ice Beast         Ice/Summ       3%           88%         4
 Bolt of Magma            Conj/Fire/Erth 1%           99%         5
 Borgnjor's Vile Clutch   Necr/Erth      1%           99%         5
 Iskenderun's Battlesphe  Conj           3%           99%         5
 Lee's Rapid Deconstruct  Erth           1%           99%         5
 Lightning Bolt           Conj/Air       1%           99%         5
 Metabolic Englaciation   Hex/Ice        1%           99%         5
 Silence                  Hex/Air        1%           99%         5
 Summon Demon             Summ           1%           99%         5
 Summon Forest            Summ/Tloc      1%           99%         5
 Summon Mana Viper        Hex/Summ       3%           99%         5
 Freezing Cloud           Conj/Ice/Air   1%           100%        6
 Invisibility             Hex            3%           100%        6
 Iron Shot                Conj/Erth      1%           100%        6
 Ozocubu's Refrigeration  Ice            1%           100%        6
 Shadow Creatures         Summ           N/A          100%        6
 Simulacrum               Ice/Necr       1%           100%        6
 Haunt                    Necr/Summ      1%           100%        7
 Orb of Destruction       Conj           1%           100%        7
 Spellforged Servitor     Conj/Summ      1%           100%        7
 Summon Hydra             Summ           1%           100%        7
 Borgnjor's Revivificati  Necr           1%           100%        8
 Discord                  Hex            1%           100%        8
 Infestation              Necr           1%           100%        8
 Necromutation            Tmut/Necr      6%           100%        8
 Death's Door             Necr           1%           100%        9
 Shatter                  Erth           1%           100%        9


Dungeon Overview and Level Annotations

Branches:
Dungeon (15/15) Temple (1/1) D:5 Lair (6/6) D:11 Swamp (0/4) Lair:2 Spider (0/4) Lair:4 Slime (0/5) Lair:6 Orc (2/2) D:12 Elf (2/3) Orc:2 Vaults (0/5) D:12 D:13 Depths (0/5) D:15 IceCv (visited)

Altars:
Ashenzari
Cheibriados
Dithmenos
Elyvilon
Fedhas
Gozag
Hepliaklqana
Kikubaaqudgha
Makhleb
Nemelex Xobeh
Okawaru
Qazlal
Ru
Sif Muna
Trog
Uskayaw
Vehumet
Wu Jian
Xom
Yredelemnul
Zin
The Shining One
Beogh
Jiyva

Shops:
D:12 =   D:14 *   Orc:2 =[*}[??

Portals:
Trove: D:13 (give +4 demon whip)

Annotations:
D:5 3 runed translucent doors, 112233's ghost, novice OpBr
Lair:1 exclusion: 2 oklob plants
Lair:5 exclusion: downstairs


Innate Abilities, Weirdness & Mutations

You cannot wear most types of armour.
You are very stealthy in the water. (Stealth+)
You are amphibious.
You can wear up to eight rings at the same time.
You can use your tentacles to constrict eight enemies at once.
Your skin changes colour to match your surroundings (Stealth+).
Your rubbery body absorbs attacks. (AC +1, EV +1)


Message History

The deep elf mage shouts!
Unknown command.
You feel much better.
Unknown command.
Unknown command.
Clouds of flame condense around you!
The condenser dries out!
Something hits you!
* * * LOW HITPOINT WARNING * * *
The deep elf mage is engulfed in blazing flames.
Unknown command.
You feel better.
The deep elf mage is no longer distracted by gold.
The deep elf mage is engulfed in blazing flames.
The deep elf mage mumbles some strange words.
Unknown command.
The deep elf mage is engulfed in blazing flames.
The deep elf mage points at you and mumbles some strange words.
The bolt of fire hits you!!
You die...
Your body crumbles into a pile of gold.

.# #)# .# .# #.# #.# .# #)# #.#
##.# #.. #.# #..# ### #.#
######.# # #.##.(....# ##
#'..?.⌠..## ######< .
##))...@...## ###...#+# ...
##..<.)§(§(..## #.......#
.....####...§§§§§§.>..###.......#
.....'$.'.)☼Ee§§§§..⌠.'.'.......'
.....####.).§§§.E.....###........
#.. #.⌠....☼....⌠.# #........ #
#.............# ###...#..
##....>......## #######
##.........##


You could see a deep elf mage and 2 fire elementals.

Vanquished Creatures
  Nikola (Elf:2)
  Rupert (D:13)
  Frances (D:13)
  Roxanne (Elf:2)
  A frost giant (D:15)
  A deep elf demonologist (Elf:1)
  Nessos (D:13)
  Azrael (D:13)
  A deep elf death mage (Elf:1)
  A deep elf high priest (Elf:1)
  Josephine (Lair:4)
  Harold (D:9)
  A vault guard (D:13)
  Erolcha (D:10)
  3 boulder beetles
  6 hydras
  2 catoblepae
  Erica (Orc:1)
  5 centaur warriors
  An ogre mage (Orc:2)
  3 two-headed ogres (D:12)
  6 death yaks (Lair:6)
  A deep troll shaman (Lair:6)
  Urug (D:10)
  2 orc high priests (Elf:1)
  2 tengu warriors (D:14)
  16 deep elf knights
  Sonja (Orc:1)
  Nergalle (D:10)
  13 deep elf archers
  7 unseen horrors
  A sea snake (D:13)
  A lindwurm (Lair:6)
  10 orc sorcerers
  3 orc knights
  34 deep elf magi
  6 ugly things
  6 cyclopes
  A manticore (D:15)
  31 elephants
  2 black mambas
  A gargoyle (D:13)
  8 cane toads
  3 centaur skeletons
  A guardian serpent (Elf:2)
  3 rime drakes
  A torpor snail (Lair:3)
  4 kobold demonologists
  6 komodo dragons
  A komodo dragon (shapeshifter) (D:13)
  A yaktaur (D:15)
  A queen bee (D:15)
  7 freezing wraiths (IceCv)
  A troll (D:13)
  3 polar bears
  2 meliai (D:15)
  5 slime creatures (D:12)
  A meliai zombie (D:12)
  5 blink frogs (Lair:4)
  3 redbacks (Lair:4)
  2 water elementals
  6 wraiths
  72 yaks
  3 fire elementals
  16 humans
  4 wyverns
  2 vampire mosquitoes (D:15)
  6 basilisks
  A steam dragon (D:9)
  2 wargs
  A soldier ant (D:13)
  12 water moccasins
  4 hell hounds (D:13)
  Duvessa (D:7)
  7 black bears
  18 orc warriors
  2 phantoms
  9 ice beasts
  2 sky beasts
  2 alligator simulacra (IceCv)
  18 ogres
  32 wolves
  10 centaurs
  7 big kobolds
  18 bullfrogs
  3 earth elementals
  A wyvern skeleton (D:14)
  A water moccasin zombie (D:8)
  2 scorpions
  Dowan (D:7)
  A swamp dragon simulacrum (IceCv)
  7 wights
  A water moccasin skeleton (D:7)
  24 killer bees
  An electric eel (D:12)
  5 howler monkeys (D:9)
  8 jellies
  A quasit (Temple)
  19 orc priests
  6 hounds
  39 orc wizards
  3 bullfrog skeletons
  A polar bear simulacrum (IceCv)
  12 worker ants
  2 hound skeletons
  A worker ant zombie (D:8)
  15 adders
  5 white imps (IceCv)
  3 ufetubi
  2 oozes
  2 worms (D:4)
  A dart slug (D:1)
  5 leopard geckos
  87 orcs
  10 giant cockroaches
  4 goblins
  11 hobgoblins
  8 jackals
  5 quokkas
  2 ball pythons
  6 bats
  2 frilled lizards (D:1)
  32 kobolds
  2 quokka skeletons
  8 rats
843 creatures vanquished.

Vanquished Creatures (collateral kills)
  2 hydras
  A meliai (D:15)
3 creatures vanquished.

Vanquished Creatures (others)
  8 dancing weapons
  A deep elf mage (Elf:1)
  A hell hound (D:13)
  An ice beast (D:12)
  An orc wizard (Orc:2)
  54 fungi
  60 plants
  A withered plant (D:14)
127 creatures vanquished.

Grand Total: 973 creatures vanquished

Notes
Turn   | Place    | Note
-------+----------+-------------------------------------------
     0 | D:1      | 112233 the Octopode Fighter began the quest for the Orb.
     0 | D:1      | Reached XP level 1. HP: 16/16 MP: 1/1
   104 | D:2      | Reached XP level 2. HP: 8/21 MP: 2/2
   443 | D:1      | Reached XP level 3. HP: 7/26 MP: 3/3
  1718 | D:2      | Found a hazy altar of Hepliaklqana.
  1726 | D:2      | Reached XP level 4. HP: 31/31 MP: 4/4
  1785 | D:2      | Found an iron altar of Okawaru.
  2249 | D:2      | Found an iron altar of Okawaru.
  2893 | D:3      | Reached XP level 5. HP: 37/37 MP: 5/5
  2905 | D:3      | Reached skill level 3 in Unarmed Combat
  3352 | D:4      | Reached XP level 6. HP: 43/43 MP: 6/6
  3457 | D:4      | Found a bloodstained altar of Trog.
  4016 | D:5      | Entered Level 5 of the Dungeon
  4035 | D:5      | Found a staircase to the Ecumenical Temple.
  4043 | D:5      | Noticed a black bear
  4053 | Temple   | Entered the Ecumenical Temple
  4056 | Temple   | Reached XP level 7. HP: 22/49 MP: 7/7
  4294 | Temple   | Became a worshipper of Gozag Ym Sagoz the Greedy
  4314 | Temple   | Reached skill level 4 in Unarmed Combat
  4812 | D:5      | Found a white marble altar of Elyvilon.
  4812 | D:5      | Found a shimmering altar of Xom.
  4812 | D:5      | Found a shimmering blue altar of Sif Muna.
  4812 | D:5      | Found a snail-covered altar of Cheibriados.
  5018 | D:5      | Reached skill level 5 in Fighting
  5018 | D:5      | Reached skill level 5 in Shields
  5250 | D:5      | Reached skill level 5 in Dodging
  5423 | D:5      | Found a runed translucent gate.
  5425 | D:5      | Found a runed translucent gate.
  5425 | D:5      | Noticed 112233's ghost (novice OpBr)
  5426 | D:5      | Found a runed translucent gate.
  5427 | D:5      | Identified the +2 dagger of the Foot {freeze, rN+ Stlth+}
  5432 | D:5      | Found a roughly hewn altar of Beogh.
  5569 | D:6      | HP: 2/50 [orc wizard/magic dart (4)]
  5791 | D:6      | Reached XP level 8. HP: 55/55 MP: 8/8
  5799 | D:6      | Reached skill level 5 in Unarmed Combat
  6777 | D:6      | Found a shadowy altar of Dithmenos.
  6844 | D:6      | Noticed a wyvern
  6858 | D:6      | Killed a wyvern
  6859 | D:6      | Reached skill level 6 in Unarmed Combat
  7276 | D:7      | Reached XP level 9. HP: 4/62 MP: 9/9
  7276 | D:7      | HP: 1/62 [jackal (3)]
  7814 | D:7      | Noticed Dowan
  7835 | D:7      | Killed Dowan
  8021 | D:7      | Noticed Duvessa
  8035 | D:7      | Killed Duvessa
  8036 | D:7      | Reached skill level 7 in Unarmed Combat
  9961 | D:8      | Reached skill level 8 in Unarmed Combat
 10564 | D:8      | Found a basalt altar of Yredelemnul.
 10621 | D:8      | Reached XP level 10. HP: 71/71 MP: 10/10
 10716 | D:8      | Found a blossoming altar of Fedhas.
 11452 | D:9      | Noticed Harold
 11479 | D:9      | Killed Harold
 11480 | D:9      | Reached skill level 9 in Unarmed Combat
 12608 | D:9      | Reached skill level 10 in Unarmed Combat
 13004 | D:10     | Entered Level 10 of the Dungeon
 13259 | D:10     | Noticed Erolcha
 13271 | D:10     | Killed Erolcha
 13272 | D:10     | Reached XP level 11. HP: 50/78 MP: 11/11
 13470 | D:10     | Noticed Urug
 13484 | D:10     | Killed Urug
 14235 | D:10     | Killed an unseen horror
 14980 | D:10     | Noticed Nergalle
 14994 | D:10     | Killed Nergalle
 14995 | D:10     | Reached skill level 11 in Unarmed Combat
 15654 | D:11     | Killed an unseen horror
 16052 | D:11     | Noticed a boulder beetle
 16093 | D:11     | Killed a boulder beetle
 16094 | D:11     | Reached skill level 1 in Evocations
 16638 | D:11     | Noticed a deep elf mage
 16645 | D:11     | Killed a deep elf mage
 16688 | D:11     | Noticed a cyclops
 16694 | D:11     | Killed a cyclops
 16890 | D:11     | Found a staircase to the Lair.
 17115 | D:11     | HP: 2/80 [orc warrior/+0 war axe (10)]
 17656 | D:11     | Reached XP level 12. HP: 85/85 MP: 12/12
 17827 | D:12     | Noticed a two-headed ogre
 17833 | D:12     | Killed a two-headed ogre
 17840 | D:12     | Found a frozen archway.
 17847 | IceCv    | Entered an ice cave
 19193 | IceCv    | Reached skill level 12 in Unarmed Combat
 19444 | IceCv    | Found an ancient bone altar of Kikubaaqudgha.
 19620 | D:12     | Noticed a two-headed ogre
 19640 | D:12     | Killed a two-headed ogre
 20025 | D:13     | Found a gate to the Vaults.
 20025 | D:13     | Noticed Rupert
 20025 | D:13     | Noticed Nessos
 20025 | D:13     | Noticed a centaur warrior
 20562 | D:12     | Found a staircase to the Orcish Mines.
 20639 | D:12     | Noticed a boulder beetle
 20672 | D:12     | Noticed a two-headed ogre
 21736 | Orc:1    | Entered Level 1 of the Orcish Mines
 21877 | Orc:1    | Noticed a sun demon
 22611 | Orc:1    | Reached skill level 10 in Fighting
 22768 | Orc:2    | Entered Level 2 of the Orcish Mines
 22783 | Orc:2    | Found a staircase to the Elven Halls.
 22840 | Orc:1    | Reached skill level 10 in Dodging
 22840 | Orc:1    | Reached skill level 10 in Shields
 23287 | Orc:2    | Reached skill level 5 in Evocations
 23606 | Orc:1    | Reached XP level 13. HP: 74/92 MP: 13/13
 23608 | Orc:1    | Noticed Erica
 23619 | Orc:1    | Killed Erica
 23878 | Orc:1    | Noticed Sonja
 23891 | Orc:1    | Killed Sonja
 24009 | Orc:2    | Found Irihamao's Gadget Shop.
 24119 | Orc:2    | Reached skill level 13 in Unarmed Combat
 24173 | Orc:2    | Found a radiant altar of Vehumet.
 24201 | Orc:2    | Found Uwoz's Magic Scroll Boutique.
 24349 | Orc:2    | Found an ancient bone altar of Kikubaaqudgha.
 24503 | Orc:2    | Bought a scroll of acquirement for 832 gold pieces
 24527 | Orc:2    | Bought a scroll of blinking for 120 gold pieces
 24527 | Orc:2    | Bought a scroll of fear for 56 gold pieces
 24527 | Orc:2    | Bought a scroll of identify for 32 gold pieces
 24527 | Orc:2    | Acquired 995 gold pieces
 24559 | Orc:2    | Found Geohyfabe's Antique Armour Boutique.
 24591 | Orc:2    | Found a roughly hewn altar of Beogh.
 24669 | Orc:2    | Found Kujyibi's Magic Scroll Boutique.
 24677 | Orc:2    | Bought a scroll of teleportation for 51 gold pieces
 24677 | Orc:2    | Bought a scroll of summoning for 161 gold pieces
 24677 | Orc:2    | Bought a scroll of teleportation for 51 gold pieces
 24677 | Orc:2    | Bought a scroll of blinking for 127 gold pieces
 24677 | Orc:2    | Bought a scroll of holy word for 127 gold pieces
 24834 | Orc:2    | Bought a wand of iceblast (8) for 168 gold pieces
 24834 | Orc:2    | Bought a wand of paralysis (6) for 112 gold pieces
 24999 | Lair:1   | Entered Level 1 of the Lair of Beasts
 25486 | Lair:1   | Found a shimmering blue altar of Sif Muna.
 26232 | Lair:2   | Acquired the ring of Posos {+Inv rN+ Int+4 Stlth+}
 26621 | Lair:2   | Found a staircase to the Swamp.
 27890 | Lair:4   | Found a hole to the Spider Nest.
 29353 | Lair:3   | Reached XP level 14. HP: 94/99 MP: 14/14
 29528 | Lair:3   | Got a smoking halberd
 29574 | Lair:3   | Reached skill level 14 in Unarmed Combat
 30044 | Lair:4   | Noticed Josephine
 30662 | Lair:4   | Found a stormy altar of Qazlal.
 31683 | Lair:4   | Killed Josephine
 33779 | Lair:6   | Entered Level 6 of the Lair of Beasts
 34026 | Lair:6   | Found a staircase to the Slime Pits.
 34026 | Lair:6   | Found a viscous altar of Jiyva.
 34247 | Lair:6   | Reached skill level 15 in Unarmed Combat
 34405 | Lair:6   | Reached XP level 15. HP: 72/108 MP: 15/15
 36293 | Lair:6   | Learned a level 2 spell: Blink
 36479 | Lair:1   | Learned a level 2 spell: Passwall
 37106 | D:13     | Killed Nessos
 37611 | D:13     | Killed Rupert
 37824 | D:13     | Noticed Frances
 37838 | D:13     | Killed Frances
 37878 | D:13     | Reached skill level 16 in Unarmed Combat
 38293 | D:13     | Noticed Azrael
 38313 | D:13     | Killed Azrael
 38802 | D:13     | Found a portal to a secret trove of treasure.
 39170 | D:13     | Reached XP level 16. HP: 65/116 MP: 16/16
 40292 | D:14     | Found a basalt altar of Yredelemnul.
 40368 | D:14     | Found Guishus's Assorted Antiques.
 40459 | D:14     | Learned a level 2 spell: Wereblood
 40467 | D:14     | Learned a level 5 spell: Blade Hands
 40471 | D:14     | Bought a silver ring for 135 gold pieces
 40528 | D:15     | Entered Level 15 of the Dungeon
 40722 | D:15     | Reached skill level 1 in Transmutations
 41354 | D:15     | Reached skill level 1 in Spellcasting
 42361 | D:15     | Found a staircase to the Depths.
 43027 | D:12     | Bought a +6 ring of dexterity for 819 gold pieces
 43070 | Elf:1    | Entered Level 1 of the Elven Halls
 43140 | Orc:2    | Bought a pink potion for 36 gold pieces
 43140 | Orc:2    | Bought a scroll of teleportation for 120 gold pieces
 45455 | Elf:1    | Reached XP level 17. HP: 104/121 MP: 22/22
 45515 | Elf:2    | Noticed Nikola
 45655 | Elf:2    | Identified the +9 falchion of the Shallot {drain, +Inv}
 45669 | Elf:2    | Reached skill level 17 in Unarmed Combat
 45900 | Orc:2    | Bought the ring of Sif Muna's Hope {rElec Will+ Dex+4} for
                  | 616 gold pieces
 45935 | Elf:2    | Killed Nikola
 46701 | Elf:2    | Reached skill level 5 in Transmutations
 46920 | Elf:2    | Noticed Roxanne
 46940 | Elf:2    | Killed Roxanne
 46958 | Elf:2    | Learned a level 6 spell: Statue Form
 47026 | Elf:2    | HP: 6/123 [something/shard of ice (20)]
 47030 | Elf:2    | Killed from afar by a deep elf mage

Illustrated notes

Levels and vault maps discovered:
D:1:      dpeg_arrival_rooms_b, layout_basic, minmay_fountain_box
D:2:      layout_basic, kennysheep_okawaru_gauntlet,
          nicolae_overflow_crystal_walls, lemuel_statue_altar
D:3:      layout_rooms, st_stairs_8
D:4:      layout_basic, lemuel_coloured_pillars_altar
D:5:      layout_basic, chequers_temple_overflow_statue_of_worship,
          minmay_temple_entry_wispy, serial_co_window_serial, co_window_paths_a,
          co_window_paths_a, co_window_of_opportunity_a,
          co_window_of_opportunity_a, co_window_paths_a, co_window_corner_b,
          co_window_2corner, co_window_of_opportunity_b, co_window_paths_e,
          glass_columns_c, glass_columns_a, glass_columns_a,
          biasface_ghost_orc_armoury, chequers_mini_garden
D:6:      layout_basic, marbit_many_paths
D:7:      layout_basic, corner_web_ring, uniq_duvessa
D:8:      layout_layer_cave, lemuel_round_altar, fedhas_altar_3
D:9:      layout_loops_ring, uniq_harold
D:10:     layout_loops_corners, minivault_16, uniq_nergalle, uniq_urug,
          uniq_erolcha
D:11:     layout_basic, david_lair_generic
D:12:     layout_basic, orc_0_dummy, portal_ice_cave_entry_pillars_2, hex_large,
          amcnicky_mini_corridor_feature
D:13:     layout_stronghold, david_vaults_3, enter_trove_5, uniq_frances,
          uniq_azrael
D:14:     layout_cross, serial_shops, shop, yredelemnul_altar_generic,
          minivault_25
D:15:     grunt_enter_depths_snipers, layout_basic,
          chequers_serial_rivers_small_a, special_room [special_room_bee],
          small_chamber_with_monster
Temple:   nicolae_temple_x_marks_the_god
Lair:1:   layout_cave_shapes, basic_altar, minivault_25, lemuel_fruit_tree,
          minmay_lair_oklob_chamber
Lair:2:   layout_cave_pods, swamp_mist
Lair:3:   layout_chaotic_city
Lair:4:   layout_regular_city, spider_nest_entry_webs, basic_altar,
          infiniplex_staircase_pool_2, uniq_josephine, uniq_rupert
Lair:5:   layout_roguey, beast_lair_carwin_10, grunt_megastairs_4
Lair:6:   grunt_lair_end_beastmaster, layout_concentric_octagons, slime_altar_1,
          lemuel_old_faithful
Orc:1:    layout_diamond_mine, uniq_erica, uniq_sonja
Orc:2:    kennysheep_orc_mage_school, layout_caves
Elf:1:    layout_gridlike, hangedman_elven_crosses_minicolossus, uniq_louise
Elf:2:    layout_geoelf_grid, fake_guardian_serpent_vault, uniq_nikola,
          uniq_saint_roka, uniq_roxanne

Skill      XL: |  1  2  3  4  5  6  7  8  9 10 11 12 13 14 15 16 17 |
---------------+----------------------------------------------------+-----
Unarmed Combat | 3 4 6 8 10 11 12 13 15 16 17 | 17.1
Fighting       | 4 5 6 7 8 9 10 11 12 13 | 13.5
Dodging        | 4 5 6 7 8 9 10 11 12 13 | 13.4
Shields        | 4 5 6 7 8 9 10 11 12 13 | 13.4
Evocations     | 2 5 7 8 9 |  9.5
Transmutations | 4 5 |  5.1
Spellcasting   | 3 4 |  4.6

Action                   |  1- 3 |  4- 6 |  7- 9 | 10-12 | 13-15 | 16-18 || total
-------------------------+-------+-------+-------+-------+-------+-------++-------
Melee: Unarmed           |    74 |   146 |   314 |   709 |  1018 |   378 ||  2639
       Constrict         |    23 |    39 |    64 |    87 |   101 |    67 ||   381
       Tentacles         |    13 |    34 |    62 |   198 |   315 |   132 ||   754
       Punch             |       |     2 |    15 |    88 |   203 |    83 ||   391
Throw: Javelin           |       |     1 |    14 |       |     5 |       ||    20
 Cast: Passwall          |       |       |       |       |     1 |       ||     1
Invok: Potion Petition   |       |       |     1 |     6 |     2 |       ||     9
       Call Merchant     |       |       |       |       |     1 |     3 ||     4
Evoke: Wand              |       |       |       |    14 |     7 |     4 ||    25
       Tin of tremorston |       |       |       |     2 |     3 |     4 ||     9
       Phantom mirror    |       |       |       |     1 |     3 |     1 ||     5
       Condenser vane    |       |       |       |       |       |     3 ||     3
  Use: Potion            |       |       |    12 |     4 |     3 |     5 ||    24
       Scroll            |       |       |     4 |     9 |    17 |     6 ||    36
 Stab: Sleeping          |     5 |     8 |     6 |     8 |     8 |     7 ||    42
       Distracted        |     1 |       |       |     3 |    10 |     5 ||    19
       Invisible         |       |       |     5 |       |       |       ||     5
       Paralysed         |       |       |       |     9 |     1 |       ||    10
       Petrified         |       |       |       |       |     4 |       ||     4
Armor: Skin              |     3 |    13 |     5 |    48 |    55 |    25 ||   149
Dodge: Dodged            |    37 |    68 |   156 |   274 |   403 |   172 ||  1110
Block: Kite shield       |    27 |    60 |   157 |   269 |   519 |   279 ||  1311
